 Dungeon Crawl Stone Soup version 0.21-a0-578-gc6e9d75 (webtiles) character file.

2 tidbits the Insei (level 1, -3/17 HPs)
             Began as a Gnoll Transmuter on Dec 18, 2017.
             Killed by divine providence
             ... invoked by an orc priest
              (17 damage)
             ... on level 2 of the Dungeon.
             The game lasted 00:00:56 (88 turns).

tidbits the Insei (Gnoll Transmuter)                  Turns: 88, Time: 00:00:57

Health: -3/17      AC:  2    Str: 15    XL:     1   Next: 30%
Magic:  6/6        EV: 14    Int: 15    God:
Gold:   0          SH:  0    Dex: 15    Spells: 8/9 levels left

rFire    . . .     SeeInvis .     - Unarmed
rCold    . . .     Gourm    .   (no shield)
rNeg     . . .     Faith    .   b - +0 robe
rPois    .         Spirit   .   (no helmet)
rElec    .         Reflect  .   (no cloak)
rCorr    .         Harm     .   (no gloves)
MR       .....                  (no boots)
Stlth    +.........             (no amulet)
HPRegen  0.05/turn              g - +3 ring of strength
MPRegen  0.10/turn              (no ring)

@: slowed, very slow
A: distributed training, fangs 1, strong nose
a: no special abilities


You were on level 2 of the Dungeon.
You were not hungry.

You visited 1 branch of the dungeon, and saw 2 of its levels.

Inventory:

Hand Weapons
 d - a +0 dagger
Missiles
 a - 12 arrows
 f - 18 stones (quivered)
Armour
 b - a +0 robe (worn)
Jewellery
 g - a +3 ring of strength (left hand)
   (You found it on level 2 of the Dungeon)
Books
 c - a book of Changes

   Spells                             Type                      Level
   a - Beastly Appendage              Transmutation                1
   b - Sticks to Snakes               Transmutation                2
   c - Spider Form                    Transmutation/Poison         3
   d - Ice Form                       Ice/Transmutation            4
   e - Blade Hands                    Transmutation                5
Comestibles
 e - 2 rations


   Skills:
 + Level 2.3 Fighting
 + Level 0.0 Short Blades
 + Level 0.0 Long Blades
 + Level 0.0 Axes
 + Level 0.0 Maces & Flails
 + Level 0.0 Polearms
 + Level 0.0 Staves
 + Level 0.0 Slings
 + Level 0.0 Bows
 + Level 0.0 Crossbows
 + Level 0.0 Throwing
 + Level 0.0 Armour
 + Level 4.4 Dodging
 + Level 0.0 Stealth
 + Level 0.0 Shields
 + Level 6.4 Unarmed Combat
 + Level 4.8 Spellcasting
 + Level 0.0 Conjurations
 + Level 0.0 Hexes
 + Level 0.0 Charms
 + Level 0.0 Summonings
 + Level 0.0 Necromancy
 + Level 0.0 Translocations
 + Level 3.6 Transmutations
 + Level 0.0 Fire Magic
 + Level 0.0 Ice Magic
 + Level 0.0 Air Magic
 + Level 0.0 Earth Magic
 + Level 0.0 Poison Magic
 + Level 0.0 Invocations
 + Level 0.0 Evocations


You had 8 spell levels left.
You knew the following spells:

 Your Spells              Type           Power        Failure   Level  Hunger
e - Beastly Appendage     Tmut           ##....       3%          1    None


Dungeon Overview and Level Annotations

Branches:
Dungeon (2/15)

Altars:


Innate Abilities, Weirdness & Mutations

Your experience applies equally to all skills.
You have very sharp teeth.
Your uncanny sense of smell can sniff out nearby items.


Message History

Welcome, tidbits the Gnoll Transmuter.
The bosom of this dungeon contains the fabled artefact, the Orb of Zot.
Press ? for a list of commands and other information.
Found a dagger.
Found a staircase leading out of the dungeon.
There is a dry fountain here.
You see here a dagger.
e - a dagger Adjust (i)tems, (s)pells, or (a)bilities?
Adjust which item? (? for menu, Esc to quit)
e - a dagger Adjust to which letter? (? for menu, Esc to quit)
d - a dagger;
e - a ration
There is a dry fountain here.
Found 18 stones.
You enter the shallow water.
Moving in this stuff is going to be slow.
Found a ration.
You see here 18 stones.
f - 18 stones
e - 2 rations (gained 1)
Found a stone staircase leading down.
There is a stone staircase leading down here.
You climb downwards.
There is a stone staircase leading up here.
An orc comes into view. It is wielding a dagger.
The orc shouts!
Casting: Beastly Appendage
Confirm with . or Enter, or press ? or * to list all spells.
You grow a pair of large bovine horns.
You hit the orc. You headbutt the orc.
The orc is moderately wounded.
The orc hits you but does no damage.
You punch the orc!
You kill the orc!
You see here a dagger.
Found a scroll labeled BUCEUFOSTE and a tubular steel ring.
An orc comes into view.
An orc comes into view. It is wielding a war axe of venom.
The orc shouts! x2
An orc wizard comes into view. It is wielding a dagger.
You see here a tubular steel ring.
g - a tubular steel ring An orc wizard comes into view.
It is wielding a dagger.
Put on which piece of jewellery? (? for menu, Esc to quit)
You feel stronger.
g - a +3 ring of strength (left hand)
The orc wizard shouts!
Unknown command.
Casting: Beastly Appendage
Confirm with . or Enter, or press ? or * to list all spells.
You fail to extend your transformation any further.
The orc wizard hits you with a dagger.
You barely miss the orc wizard. Your headbutt misses the orc wizard.
The orc wizard misses you.
You barely miss the orc wizard. Your headbutt misses the orc wizard.
An orc priest comes into view. It is wielding a flail.
Okay, then.
Unknown command.
The orc priest shouts!
The orc wizard looks braver for a moment.
The orc wizard mumbles some strange words.
The orc wizard blinks!
Your transformation is almost over.
The orc wizard casts a spell.
The orc wizard seems to speed up.
You aren't carrying any potions.
Unknown command.
The orc wizard casts a spell at you.
You feel yourself slow down.
The orc wizard hits you but does no damage.
The orc wizard gestures wildly while chanting.
The orc wizard seems to speed up.
The orc wizard barely misses you.
You see here a dagger.
The orc wizard casts a spell at you. You resist with significant effort.
Your horns disappear.
The orc wizard gestures at you while chanting.
You feel as though you will be slow longer.
The orc priest mumbles some strange prayers to Beogh against you.
Beogh smites you!
Ouch! That really hurt!
You die...

### #.#
########.############
........@....<......#
#######o###########.#
#.# #o# #### #)# ...
########.#####.##
........o.......##
..######o###..#..#
.?......o...###.#


You could see an orc priest, 2 orc wizards and an orc.

Vanquished Creatures
  An orc (D:2)
1 creature vanquished.

Notes
Turn   | Place    | Note
-------+----------+-------------------------------------------
     0 | D:1      | tidbits the Gnoll Transmuter began the quest for the Orb.
     0 | D:1      | Reached XP level 1. HP: 17/17 MP: 6/6
    68 | D:2      | Noticed an orc wizard
    70 | D:2      | Noticed an orc wizard
    75 | D:2      | Noticed an orc priest
    88 | D:2      | Killed from afar by an orc priest

Vault maps used:
D:1:      dpeg_arrival_stone_temple_mockup, serial_curves, eino_curves_03,
          eino_curves_03, nrook_mini_vaults, minmay_surrounded
D:2:      lemuel_coloured_pillars_altar, led_sif_pool

Action                   || total
-------------------------++-------
Melee: Unarmed           ||     4
       Headbutt          ||     1
 Cast: Beastly Appendage ||     2
Armor: Robe              ||     2
Dodge: Dodged            ||     2

Table legend:
 A = Spawn XP
 B = Non-spawn XP
 C = Spawn XP percentage of total XP
 D = Spawn monster count
 E = Non-spawn monster count
 F = Spawn count percentage of total count
 G = Total turns spent on level
                    A         B        C        D         E        F      G
               +---------+---------+-------+---------+---------+-------+---------
         Total |       0 |       3 |   0.0 |       0 |       1 |   0.0 |    88
               +---------+---------+-------+---------+---------+-------+---------
           D:2 |       0 |       3 |   0.0 |       0 |       1 |   0.0 |    43
               +---------+---------+-------+---------+---------+-------+---------

Table legend:
 A = Turns spent in this place as a percentage of turns spent in the entire game.
 B = Non-inter-level travel turns spent in this place as a percentage of non-inter-level travel turns spent in the entire game.
 C = Inter-level travel turns spent in this place as a percentage of turns spent in this place.
 D = Turns resting spent in this place as a percentage of non-inter-level travel turns spent in this place.
 E = Turns spent auto-exploring this place as a percentage of non-inter-level travel turns spent in this place.
 F = Non-inter-level travel turns spent in this place divided by the number of levels of this place that you've seen.
                   A       B       C       D       E      F
               +-------+-------+-------+-------+-------+----------------------
         Total | 100.0 | 100.0 |   0.0 |   0.0 |   0.0 |  44.0
       Dungeon | 100.0 | 100.0 |   0.0 |   0.0 |   0.0 |  44.0
               +-------+-------+-------+-------+-------+----------------------

Table legend:
 A = Kills in this place as a percentage of kills in entire the game.
 B = Kills by you in this place as a percentage of kills by you in the entire game.
 C = Kills by friends in this place as a percentage of kills by friends in the entire game.
 D = Other kills in this place as a percentage of other kills in the entire game.
 E = Experience gained in this place as a percentage of experience gained in the entire game.
 F = Experience gained in this place divided by the number of levels of this place that you have seen.
                   A       B       C       D       E      F
               +-------+-------+-------+-------+-------+----------------------
         Total | 100.0 | 100.0 |   N/A |   N/A | 100.0 |   1.5
       Dungeon | 100.0 | 100.0 |   N/A |   N/A | 100.0 |   1.5
               +-------+-------+-------+-------+-------+----------------------

Vault maps used:
D:1:      dpeg_arrival_stone_temple_mockup, serial_curves, eino_curves_03,
          eino_curves_03, nrook_mini_vaults, minmay_surrounded
D:2:      lemuel_coloured_pillars_altar, led_sif_pool
